 Dungeon Crawl Stone Soup version 0.30-a0-1074-g5db6f66fbb (webtiles) character file.

Game seed: 6354696248814447006

1308 IdlyInterested the Unbeliever (level 8, -2/65 HPs)
             Began as a Demonspawn Gladiator on Apr 13, 2023.
             Engulfed by a steam dragon's steam (4 damage)
             ... on level 6 of the Dungeon.
             The game lasted 00:16:14 (4732 turns).

IdlyInterested the Unbeliever (DsGl)                Turns: 4732, Time: 00:16:15

Health: -2/65      AC: 11    Str: 15    XL:     8   Next: 32%
Magic:  0/13       EV: 16    Int: 10    God:
Gold:   14         SH: 13    Dex: 16    Spells: 7/7 levels left

rFire   . . .      SeeInvis .    z - +4 dagger (vamp)
rCold   . . .      Faith    .    F - +0 kite shield
rNeg    . . .      Spirit   +    I - +2 leather armour {rPois}
rPois   +          Reflect  +    c - +0 helmet
rElec   .          Rampage  .    i - +2 cloak
rCorr   .                        (no gloves)
Will    +....                    (no boots)
Stlth   ++                       w - amulet of reflection
HPRegen 0.30/turn                b - ring of willpower
MPRegen 0.26/turn                s - +5 ring of evasion

@: no status effects
A: hooves 1, yellow scales 1, magic shield, magic regeneration
a: no special abilities


You were on level 6 of the Dungeon.
You visited 1 branch of the dungeon, and saw 6 of its levels.

You collected 284 gold pieces.
You spent 270 gold pieces at shops.

Inventory:

Hand Weapons
 a - a +0 rapier
 r - a +2 dagger of draining
 z - a +4 vampiric dagger (weapon)
 B - a +2 hand axe of venom
Missiles
 d - 5 throwing nets
 e - a javelin
 f - 28 stones (quivered)
Armour
 c - a +0 helmet (worn)
 i - a +2 cloak (worn)
 m - an orb of light
 F - a +0 kite shield (worn)
 H - a +2 robe of fire resistance
 I - a +2 leather armour of poison resistance (worn)
Jewellery
 b - a ring of willpower (left hand)
 s - a +5 ring of evasion (right hand)
 w - an amulet of reflection (around neck)
Wands
 y - a wand of paralysis (10)
Scrolls
 j - 5 scrolls of identify {unknown}
 k - a scroll of blinking {unknown}
 l - 2 scrolls of noise {unknown}
 o - 2 scrolls of vulnerability {unknown}
 p - 3 scrolls of fog {unknown}
 q - a scroll of poison {unknown}
 t - 2 scrolls of teleportation {unknown}
 u - a scroll of amnesia
 A - 2 scrolls of enchant armour
 C - a scroll of immolation {unknown}
 D - 2 scrolls of enchant weapon
 E - a scroll of torment {unknown}
 J - a scroll of magic mapping
Potions
 g - a potion of lignification {unknown}
 h - a potion of attraction {unknown}
 v - a potion of heal wounds {unknown}
 x - 2 potions of might {unknown}
 G - a potion of flight {unknown}


   Skills:
 * Level 6.4 Fighting
 - Level 3.0 Short Blades
 - Level 2.0 Throwing
 - Level 3.0 Armour
 - Level 3.0 Dodging
 - Level 2.0 Stealth
 + Level 2.0 Shields
 - Level 7.0 Invocations
 - Level 2.0 Evocations


You had 7 spell levels left.
You didn't know any spells.
Your spell library contained the following spells:

 Spells                   Type           Power      Damage    Failure   Level
 Kiss of Death            Conj/Necr      0%         2d5       83%         1
 Confusing Touch          Hex            0%         N/A       99%         3
 Dazzling Flash           Conj/Hex       0%         N/A       99%         3
 Portal Projectile        Hex/Tloc       0%         N/A       99%         3
 Tukima's Dance           Hex            0%         N/A       99%         3
 Dispel Undead            Necr           0%         3d6       100%        4
 Agony                    Necr           0%         N/A       100%        5
 Blade Hands              Tmut           0%         N/A       100%        5
 Silence                  Hex/Air        0%         N/A       100%        5


Dungeon Overview and Level Annotations

Branches:
Dungeon (6/15)
 Temple: D:4-7

Altars:
Fedhas
Kikubaaqudgha
Yredelemnul

Shops:
D:3 *


Innate Abilities, Weirdness & Mutations

You have large cloven feet.
You are partially covered in yellow scales. (AC +2)
When hurt, damage is shared between your health and your magic reserves.
You regenerate magic rapidly.


Message History

* * * LOW HITPOINT WARNING * * *
You block the steam dragon's attack. The steam dragon barely misses you.
Really walk into that cloud of steam?
Okay, then.
You feel better.
The steam dragon bites you but does no damage.
The steam dragon barely misses you.
You closely miss the steam dragon.
The steam dragon is lightly wounded.
You block the ogre's attack. The steam dragon completely misses you.
The steam dragon barely misses you.
You barely miss the steam dragon.
The steam dragon is lightly wounded.
You block the ogre's attack. The steam dragon breathes steam at you.
The ball of steam hits you!
* * * LOW HITPOINT WARNING * * *
Aiming: Paralyse
Press: ? - help, Shift-Dir - straight line, f - ogre
Aim: an ogre, wielding a +0 giant spiked club (chance to affect: 54%)
The ogre suddenly stops moving!
You are engulfed in a cloud of scalding steam.
* * * LOW HITPOINT WARNING * * *
The steam dragon bites you!
* * * LOW HITPOINT WARNING * * *
The steam dragon misses you.
Aiming: Paralyse
Press: ? - help, Shift-Dir - straight line, f/p - ogre
Aim: an ogre, wielding a +0 giant spiked club (paralysed, chance to affect: 54%)
Okay, then.
The helpless ogre fails to defend itself.
You puncture the ogre! You kick the ogre.
The ogre is almost dead.
You are engulfed in a cloud of scalding steam.
You block the steam dragon's attack. x2
The helpless ogre fails to defend itself.
You puncture the ogre!
You kill the ogre!
You are engulfed in a cloud of scalding steam.
You die...

.. .....O.......
#.##...........#
#..##...O......#
#..##.........#
#.............#
#.............#
#....†.......##
#####............#
#.@D#.[........#...
###)......<....# ..
#5.=.......<.# .
#..#.............
#.##...........##
...5...##########.#
.=..... ...
#....... # ........


You could see a steam dragon and a white imp.

Vanquished Creatures
  Edmund (D:4)
  A water moccasin (D:6)
  A black bear (D:6)
  An ogre (D:6)
  The ghost of bande the Covered, an amateur GrFi (D:4)
  A phantom (D:4)
  A scorpion (D:5)
  A necrophage (D:5)
  2 water moccasin zombies (D:5)
  A bullfrog zombie (D:5)
  2 howler monkeys
  A centaur zombie (D:5)
  A human zombie (D:5)
  4 hounds
  An orc wizard (D:3)
  3 iguanas
  A scorpion zombie (D:5)
  A hound zombie (D:5)
  3 mummies (D:5)
  4 adders
  2 ufetubi
  An adder zombie (D:5)
  A worm (D:2)
  6 orcs
  6 endoplasms
  A giant cockroach (D:1)
  8 goblins
  11 hobgoblins
  4 jackals (D:2)
  3 quokkas
  5 ball pythons
  7 bats
  2 frilled lizards
  7 kobolds
  2 rats (D:1)
98 creatures vanquished.

Notes
Turn   | Place    | Note
-------+----------+-------------------------------------------
     0 | D:1      | IdlyInterested the Demonspawn Gladiator began the quest for
                  | the Orb.
     0 | D:1      | Reached XP level 1. HP: 16/16 MP: 1/1
   168 | D:1      | Gained mutation: You regenerate magic rapidly. [demonic
                  | ancestry]
   168 | D:1      | Reached XP level 2. HP: 23/23 MP: 2/2
   544 | D:1      | Reached skill level 1 in Invocations
   780 | D:2      | Reached skill level 1 in Armour
   910 | D:2      | Reached XP level 3. HP: 26/28 MP: 4/4
  1106 | D:2      | Reached skill level 2 in Invocations
  1519 | D:3      | Reached skill level 1 in Stealth
  1519 | D:3      | Gained mutation: When hurt, damage is shared between your
                  | health and your magic reserves. [demonic ancestry]
  1519 | D:3      | Reached XP level 4. HP: 35/35 MP: 4/6
  1588 | D:3      | Reached skill level 3 in Invocations
  1792 | D:3      | Found Fudoh's General Store.
  1913 | D:3      | Found a faded altar of an unknown god.
  1978 | D:3      | Reached skill level 1 in Evocations
  2429 | D:3      | Bought a scroll of enchant armour for 90 gold pieces
  2456 | D:4      | Reached skill level 4 in Invocations
  2629 | D:4      | Found a runed translucent door.
  2636 | D:4      | Noticed bande's ghost (amateur GrFi)
  2645 | D:4      | Noticed a phantom
  2666 | D:4      | Killed a phantom
  2667 | D:4      | Reached XP level 5. HP: 31/42 MP: 6/8
  2738 | D:4      | Found a blossoming altar of Fedhas.
  2762 | D:4      | Gained mutation: You have large cloven feet. [demonic
                  | ancestry]
  2762 | D:4      | Reached XP level 6. HP: 48/48 MP: 9/9
  2945 | D:4      | Reached skill level 5 in Invocations
  3282 | D:4      | Killed bande's ghost
  3438 | D:4      | Noticed Edmund
  3488 | D:4      | Killed Edmund
  3489 | D:4      | Reached skill level 5 in Fighting
  3489 | D:4      | Reached skill level 1 in Shields
  3489 | D:4      | Reached XP level 7. HP: 21/56 MP: 5/10
  3634 | D:3      | Bought a scroll of enchant weapon for 90 gold pieces
  3645 | D:5      | Entered Level 5 of the Dungeon
  3830 | D:5      | Found an ancient bone altar of Kikubaaqudgha.
  3966 | D:5      | Found a basalt altar of Yredelemnul.
  4012 | D:5      | Reached skill level 6 in Invocations
  4430 | D:5      | Gained mutation: You are partially covered in yellow
                  | scales. (AC +2) [demonic ancestry]
  4430 | D:5      | Reached XP level 8. HP: 57/64 MP: 12/12
  4624 | D:3      | Bought a scroll of magic mapping for 90 gold pieces
  4688 | D:6      | Reached skill level 7 in Invocations
  4730 | D:6      | HP: 2/65 [steam dragon (7)]
  4732 | D:6      | Engulfed by a steam dragon's steam

Illustrated notes

Levels and vault maps discovered:
D:1:      minmay_arrival_plants_in_alcoves, layout_loops_ring,
          kennysheep_nondescript, nrook_mini_backslash
D:2:      layout_rooms, serial_glass, glass_columns_b, glass_columns_b,
          chequers_serial_rivers_micro_c
D:3:      layout_basic, serial_shops, shop, shapermc_ecumenical_altar_venn
D:4:      layout_loops_ring, amcnicky_altar_gilded,
          ebering_ghost_reflecting_pool, uniq_edmund
D:5:      layout_basic, lemuel_mausoleum_altar_yredelemnul,
          mainiacjoe_overflow_alcove_2
D:6:      cheibrodos_steamvent, layout_rooms, minmay_hollow_rounded_squares

Skill      XL: |  1  2  3  4  5  6  7  8 |
---------------+-------------------------+-----
Invocations    | 1 2 4 5 6 7 |  7.0
Armour         | 1 2 3 |  3.0
Fighting       | 3 4 5 6 |  6.4
Stealth        | 1 2 |  2.0
Evocations     | 2 |  2.0
Throwing       | 2 |  2.0
Shields        | 1 2 |  2.0
Short Blades   | 3 |  3.0
Dodging        | 3 |  3.0

Action                     |  1- 3 |  4- 6 |  7- 9 || total
---------------------------+-------+-------+-------++-------
  Melee: Rapier            |   104 |       |       ||   104
         Punch             |     1 |       |       ||     1
         Dagger            |    14 |   197 |   178 ||   389
         Kick              |       |    26 |    67 ||    93
  Throw: Stone             |     8 |     2 |     1 ||    11
  Evoke: Wand              |       |       |     1 ||     1
    Use: Scroll            |     1 |       |       ||     1
         Potion            |       |       |     1 ||     1
   Stab: Sleeping          |     1 |       |     6 ||     7
         Paralysed         |       |       |     2 ||     2
 Armour: Leather armour    |    14 |       |    37 ||    51
         Chain mail        |    77 |    57 |       ||   134
         Robe              |       |     2 |    17 ||    19
  Dodge: Dodged            |    64 |    84 |   110 ||   258
  Block: Kite shield       |       |    22 |   118 ||   140

Table legend: (Time is in decaauts)
 A = Elapsed time spent in this place.
 B = Non-inter-level travel time spent in this place.
 C = Inter-level travel time spent in this place.
 D = Time resting spent in this place.
 E = Time spent auto-exploring this place.
 F = Levels seen in this place.
 G = Mean time per level.
                   A        B        C        D        E       F      G
               +--------+--------+--------+--------+--------+-----+--------+
         Total |   4740 |   4150 |    590 |    432 |   2510 |   6 |  790.0 |
       Dungeon |   4740 |   4150 |    590 |    432 |   2510 |   6 |  790.0 |
               +--------+--------+--------+--------+--------+-----+--------+

Top non-repeatable levels by time:
     D:4: 1182 daAuts
     D:3: 1064 daAuts
     D:5: 913 daAuts
     D:1: 823 daAuts
     D:2: 677 daAuts
     D:6: 78 daAuts
